 Dungeon Crawl Stone Soup version 0.28.0-53-g5a82cb258f (webtiles) character file.

Game seed: 6978775959583896903

38 Gabide the Insei (level 3, -11/19 HPs)
             Began as a Vine Stalker Monk on May 24, 2022.
             Was a Priest of Zin.
             Mangled by Sigmund
             ... wielding a +0 scythe
              (12 damage)
             ... on level 2 of the Dungeon.
             The game lasted 00:02:03 (2125 turns).

Gabide the Insei (Vine Stalker Monk)                Turns: 2125, Time: 00:02:03

Health: -11/19     AC:  3    Str: 13    XL:     3   Next: 43%
Magic:  0/4        EV: 12    Int: 10    God:    Zin [***...]
Gold:   33         SH:  0    Dex: 18    Spells: 2/2 levels left

rFire   . . .      SeeInvis .     - Unarmed
rCold   . . .      Faith    .   (no shield)
rNeg    . . .      Spirit   +   c - +0 leather armour
rPois   .          Reflect  .   (no helmet)
rElec   .          Harm     .   (no cloak)
rCorr   .          Rampage  .   (no gloves)
Will    .....                   (no boots)
Stlth   +.........              (no amulet)
HPRegen 0.06/turn               (no ring)
MPRegen 0.09/turn               (no ring)

@: confused
A: fangs 2, magic shield, antimagic bite, no potion heal 2
a: Renounce Religion, Recite, Vitalisation, Imprison, Donate Gold


You were on level 2 of the Dungeon.
You worshipped Zin.
Zin was most pleased with you.
You visited 1 branch of the dungeon, and saw 2 of its levels.

You collected 36 gold pieces.
You donated 3 gold pieces to Zin.

Inventory:

Missiles
 d - a throwing net (quivered)
Armour
 c - a +0 leather armour (worn)
Scrolls
 b - a scroll of teleportation {unknown}
 f - a scroll of enchant weapon
 g - a scroll of immolation {unknown}
 h - a scroll of magic mapping {unknown}
 i - a scroll of identify {unknown}
Potions
 e - a potion of magic {unknown}
 j - a potion of might {unknown}
 k - a potion of degeneration {unknown}


   Skills:
 - Level 2.6 Fighting
 - Level 2.4 Dodging
 - Level 2.4 Stealth
 + Level 4.4 Unarmed Combat


You had 2 spell levels left.
You didn't know any spells.
Your spell library contained the following spells:

 Spells                   Type           Power      Damage    Failure   Level
 Animate Skeleton         Necr           0%         N/A       43%         1
 Apportation              Tloc           0%         N/A       43%         1
 Summon Small Mammal      Summ           0%         N/A       43%         1
 Corpse Rot               Necr/Air       0%         N/A       58%         2
 Poisonous Vapours        Pois/Air       0%         N/A       58%         2


Dungeon Overview and Level Annotations

Branches:
Dungeon (2/15)

Altars:
Sif Muna
Zin

Annotations:
D:2 Sigmund


Innate Abilities, Weirdness & Mutations

You have extremely sharp teeth.
When hurt, damage is shared between your health and your magic reserves.
Your bite disrupts and absorbs the magic of your enemies.
Potions cannot restore your health.


Message History

The kobold is moderately wounded.
The kobold misses you. Sigmund barely misses you.
You barely miss the kobold. You punch the kobold, but do no damage.
You bite the kobold. You drain its power.
The kobold is severely wounded.
The kobold completely misses you.
The endoplasm jiggles.
You punch the kobold!
You kill the kobold!
Sigmund hits you from afar with a +0 scythe.
You hit the endoplasm but do no damage. You bite the endoplasm.
You drain its power.
You feel invigorated.
The endoplasm is lightly wounded.
The endoplasm freezes you.
You are frozen.
You hit the endoplasm. You bite the endoplasm. You drain its power.
The endoplasm is heavily wounded.
Sigmund barely misses you. The endoplasm freezes you.
You are frozen.
You hit the endoplasm. You bite the endoplasm.
You kill the endoplasm!
Sigmund mumbles some strange words.
Sigmund flickers and vanishes!
Deactivating autopickup; reactivate with Ctrl-A.
No target in view!
There is a strange disturbance nearby!
There is a strange disturbance nearby!
Something hits you.
Items here: $ ( ) †.
You hit something. Your bite misses something. You punch something!
Your bite misses something.
You hear some strange, mumbled words.
You are confused.
Something hits you!
* * * LOW HITPOINT WARNING * * *
Items here: $ ( ) †.
Something hits you!
Ouch! That really hurt!
You die...

#.#.#.# #.#
#..# #.#.#.#
#.# #..# #
#.#'#.# #.#
#..#
###.##.....#
#.# #.)#
..........###.#
#..#
#.##.........#
#...
#......†######
#.#. ##...{)..#
#.#. #..._@...#
#... #........#
#### #......+##
#..#..#.
##.##.#.# #
#.#.# ..#.# ...


There were no monsters in sight!

Vanquished Creatures
  A dart slug (D:2)
  4 endoplasms
  3 giant cockroaches
  4 goblins (D:1)
  A hobgoblin (D:1)
  4 kobolds
  A quokka (D:1)
  4 ball pythons
  4 bats
  2 frilled lizards
  3 rats (D:1)
31 creatures vanquished.

Notes
Turn   | Place    | Note
-------+----------+-------------------------------------------
     0 | D:1      | Gabide the Vine Stalker Monk began the quest for the Orb.
     0 | D:1      | Reached XP level 1. HP: 11/11 MP: 2/2
    78 | D:1      | Found a faded altar of an unknown god.
    92 | D:1      | Prayed at the altar of an unknown god.
    92 | D:1      | Became a worshipper of Zin the Law-Giver
    92 | D:1      | Reached * piety under Zin
    92 | D:1      | Reached ** piety under Zin
   432 | D:1      | Reached XP level 2. HP: 10/16 MP: 1/3
   595 | D:1      | Reached *** piety under Zin
  1263 | D:1      | Reached skill level 4 in Unarmed Combat
  1442 | D:1      | Reached XP level 3. HP: 19/19 MP: 4/4
  2108 | D:2      | Found a shimmering blue altar of Sif Muna.
  2109 | D:2      | Noticed Sigmund
  2125 | D:2      | Mangled by Sigmund

Illustrated notes

Levels and vault maps discovered:
D:1:      dpeg_arrival_round_a, layout_basic, ebering_ecumenical_altar_mist,
          st_stairs_12
D:2:      layout_basic, serial_shops, nicolae_shop_stone, basic_altar,
          uniq_sigmund

Skill      XL: |  1  2 |
---------------+-------+-----
Unarmed Combat | 4 |  4.4
Fighting       | |  2.6
Dodging        | |  2.4
Stealth        | |  2.4

Action                   || total
-------------------------++-------
Melee: Unarmed           ||    91
       Bite              ||    25
       Punch             ||     3
  Use: Scroll            ||     1
 Stab: Sleeping          ||     4
Armor: Leather armour    ||    22
Dodge: Dodged            ||    50
